 Dungeon Crawl Stone Soup version 0.19-a0-1193-g2641e52 (webtiles) character file.

49 PurpleRed the Conjurer (level 3, -1/19 HPs)
             Began as a Deep Elf Conjurer on Aug 19, 2016.
             Slain by an orc priest
             ... wielding a +0 short sword
              (8 damage)
             ... on level 3 of the Dungeon.
             The game lasted 00:04:12 (606 turns).

PurpleRed the Conjurer (Deep Elf Conjurer)           Turns: 606, Time: 00:04:12

Health: -1/19      AC:  2    Str:  5    XL:     3   Next: 51%
Magic:  2/10       EV: 13    Int: 20    God:
Gold:   84         SH:  0    Dex: 15    Spells: 2 memorised, 6 levels left

rFire  . . .     SeeInvis .     d - +0 dagger (venom)
rCold  . . .     Gourm    .     a - +0 robe
rNeg   . . .     Faith    .     (no shield)
rPois  .         Spirit   .     (no helmet)
rElec  .         Dismiss  +     (no cloak)
rCorr  .         Reflect  .     (no gloves)
MR     .....     Harm     .     (no boots)
Stlth  ++........               f - amulet of dismissal
                                (no ring)
                                (no ring)

@: no status effects
A: no striking features
a: no special abilities


You were on level 3 of the Dungeon.
You were not hungry.

You visited 1 branch of the dungeon, and saw 3 of its levels.

You collected 84 gold pieces.

Inventory:

Hand Weapons
 d - a +0 dagger of venom (weapon)
Missiles
 g - 4 tomahawks (quivered)
Armour
 a - a +0 robe (worn)
Jewellery
 f - an amulet of dismissal (around neck)
Scrolls
 e - 2 scrolls of identify
 j - a scroll of fog {unknown}
Potions
 h - a potion of heal wounds
Books
 b - a book of Conjurations

   Spells                             Type                      Level
   a - Magic Dart                     Conjuration                  1
   b - Searing Ray                    Conjuration                  2
   c - Dazzling Spray                 Conjuration/Hexes            3
   d - Fulminant Prism                Conjuration/Hexes            4
   e - Iskenderun's Mystic Blast      Conjuration                  4
   f - Iskenderun's Battlesphere      Conjuration/Charms           5
Comestibles
 c - 3 bread rations
 i - a slice of pizza


   Skills:
 - Level 2.4 Dodging
 - Level 2.4 Stealth
 + Level 3.8 Spellcasting
 * Level 5.4 Conjurations


You had 6 spell levels left.
You knew the following spells:

 Your Spells              Type           Power        Failure   Level  Hunger
a - Magic Dart            Conj           ####         1%          1    None
b - Searing Ray           Conj           ####..       2%          2    ##.....


Dungeon Overview and Level Annotations

Branches:
Dungeon (3/15)

Altars:


Message History

The orc priest is moderately wounded.
The orc priest hits you but does no damage.
An orc comes into view. It is wielding a club.
The searing ray misses the orc priest.
The searing ray hits the orc.
You kill the orc!
You finish channeling your searing ray.
The orc shouts!
The orc priest hits you with a short sword.
Casting: Searing Ray
Confirm with . or Enter, or press ? or * to list all spells.
Aiming: Searing Ray
Press: ? - help, Shift-Dir - straight line, f/p - orc priest
Aim: an orc priest, wielding a short sword and wearing a leather armour (moderately wounded)
The searing ray hits the orc priest.
The orc priest is heavily wounded.
The orc priest completely misses you.
The searing ray hits the orc priest.
The orc priest is almost dead.
The orc priest hits you with a short sword!
You die...

..>...#.###.#
#######.##
#.......#
#.####.## #.#
### #.# #.#
#.# #@#
.......o..#
###?###.#.#
#o#.# #.# #
... ###


You could see an orc priest and an orc.

Vanquished Creatures
  2 adders (D:2)
  An adder skeleton (D:2)
  An adder zombie (D:2)
  A dart slug (D:1)
  2 giant geckos
  An orc (D:3)
  3 giant cockroaches (D:2)
  2 hobgoblins (D:2)
  2 kobolds
  3 bats
  A giant cockroach zombie (D:2)
  A giant newt (D:2)
  2 rats (D:2)
22 creatures vanquished.

Notes
Turn   | Place    | Note
-------+----------+-------------------------------------------
     0 | D:1      | PurpleRed the Deep Elf Conjurer began the quest for the Orb.
     0 | D:1      | Reached XP level 1. HP: 10/10 MP: 6/6
    81 | D:2      | Reached XP level 2. HP: 12/15 MP: 2/8
    85 | D:2      | Learned a level 2 spell: Searing Ray
   111 | D:2      | Reached skill level 5 in Conjurations
   290 | D:2      | Reached XP level 3. HP: 17/19 MP: 5/10
   606 | D:3      | Slain by an orc priest

Vault maps used:
D:1:      sevenhm_arrival_forest_fort_small_6
D:2:      first_bread, serial_undead, serial_undead_e, serial_undead_f,
          serial_undead_a, serial_undead_e, serial_undead_a, serial_undead_c,
          serial_undead_a, serial_undead_d
D:3:      portal_sewer_entry_b

Skill      XL: |  1  2 |
---------------+-------+-----
Conjurations   | 5 |  5.4
Dodging        | |  2.4
Stealth        | |  2.4
Spellcasting   | |  3.8

Action                   || total
-------------------------++-------
Melee: Dagger            ||    34
 Cast: Magic Dart        ||    16
       Searing Ray       ||     5
  Use: Scroll            ||     1
 Stab: Sleeping          ||     3
Armor: Robe              ||     7
Dodge: Dodged            ||    39
